[ AOE2 MATCH · #476352844 ]
UnrankedWei vs Saracens
Player's team · LOSS
Rival team · WIN
[ REPLAY ANALYSIS · EXTRACTED FROM THE RECORDED GAME ]
Feudal
9:46
Castle
23:07
Imperial
40:45
| APM avg | 34.1 |
| APM peak | 57 |
| eAPM avg | 17.0 |
| Villagers / military | 157 / 81 |
Focus
⚔️ 28.4% · 🌾 71.6%
Spearman ×53 · Unknown (1949) ×44 · Skirmisher ×23 · Unknown (1942) ×5 · Monk ×2 · Battering Ram ×2
Feudal
9:23
Castle
21:23
Imperial
38:45
| APM avg | 53.6 |
| APM peak | 148 |
| eAPM avg | 18.8 |
| Villagers / military | 135 / 210 |
Focus
⚔️ 28.4% · 🌾 71.6%
Camel Scout ×74 · Archer ×60 · Knight ×45 · Trebuchet (Packed) ×9 · Scorpion ×7 · Bombard Cannon ×7
Match map
Initial resources + every placement click. Lines = walls · curves = elevation contours. ◆ gold · ⬟ stone · ● berries · ✦ relic · ◌ wall gap
Your base· Open — unwalled flank
angelzneMX's base· Open — unwalled flank
Smoothed initial terrain · ◌ = detected wall gap · hover for details
Inputs per minute
— Kevtech - - angelzneMX
Build order — Kevtech
First 150 of 443 actions detected
| 0:01 | Create | Villager (Male) |
| 0:02 | Build | House |
| 0:04 | Build | House |
| 0:25 | Create | Villager (Male) |
| 0:29 | Create | Villager (Male) |
| 0:43 | Create | Villager (Male) |
| 1:26 | Create | Villager (Male) |
| 1:47 | Build | Lumber Camp |
| 2:06 | Create | Villager (Male) |
| 2:21 | Create | Villager (Male) |
| 2:57 | Create | Villager (Male) |
| 3:03 | Build | House |
| 3:07 | Create | Villager (Male) |
| 3:26 | Create | Villager (Male) |
| 4:18 | Build | Mill |
| 4:26 | Create | Villager (Male) |
| 4:53 | Create | Villager (Male) |
| 5:19 | Create | Villager (Male) |
| 5:40 | Create | Villager (Male) |
| 6:14 | Create | Villager (Male) |
| 6:14 | Create | Villager (Male) |
| 6:43 | Create | Villager (Male) |
| 7:07 | Research | Loom |
| 7:36 | Research | Feudal Age |
| 7:50 | Build | House |
| 8:28 | Create | Villager (Male) |
| 9:00 | Create | Villager (Male) |
| 9:07 | Build | Barracks |
| 9:26 | Create | Villager (Male) |
| 9:46 | Age | Feudal Age |
| 9:49 | Research | Double-Bit Axe |
| 9:50 | Research | Horse Collar |
| 10:03 | Build | Archery Range |
| 10:22 | Create | Villager (Male) |
| 10:43 | Create | Spearman |
| 10:51 | Build | House |
| 10:55 | Research | Wheelbarrow |
| 11:23 | Build | House |
| 11:30 | Build | House |
| 11:31 | Build | House |
| 11:35 | Create | Skirmisher |
| 11:46 | Build | Palisade Wall |
| 11:56 | Create | Villager (Male) |
| 12:07 | Build | Mining Camp |
| 12:08 | Create | Villager (Male) |
| 12:11 | Build | House |
| 12:40 | Create | Skirmisher |
| 12:41 | Create | Villager (Male) |
| 12:46 | Create | Villager (Male) |
| 12:54 | Build | House |
| 13:06 | Build | Lumber Camp |
| 13:09 | Build | Farm |
| 13:18 | Create | Villager (Male) |
| 13:21 | Create | Spearman |
| 13:25 | Build | House |
| 13:30 | Build | House |
| 13:35 | Build | Palisade Wall |
| 13:37 | Build | Farm |
| 13:38 | Create | Villager (Male) |
| 13:41 | Create | Skirmisher |
| 13:55 | Create | Villager (Male) |
| 13:58 | Create | Villager (Male) |
| 14:02 | Build | Farm |
| 14:04 | Build | Farm |
| 14:14 | Create | Skirmisher |
| 14:28 | Build | Farm |
| 14:28 | Create | Villager (Male) |
| 14:35 | Build | House |
| 14:38 | Create | Villager (Male) |
| 14:44 | Build | House |
| 14:51 | Build | Farm |
| 14:52 | Create | Villager (Male) |
| 14:57 | Build | Farm |
| 14:58 | Build | Farm |
| 15:00 | Build | Farm |
| 15:18 | Build | Blacksmith |
| 15:19 | Create | Villager (Male) |
| 15:21 | Build | Farm |
| 15:25 | Create | Skirmisher |
| 15:32 | Build | House |
| 15:38 | Create | Villager (Male) |
| 15:40 | Build | Farm |
| 15:59 | Create | Skirmisher |
| 16:02 | Create | Villager (Male) |
| 16:11 | Build | Palisade Gate |
| 16:21 | Create | Skirmisher |
| 16:23 | Create | Villager (Male) |
| 16:27 | Build | House |
| 16:36 | Build | House |
| 16:37 | Create | Villager (Male) |
| 16:38 | Build | Farm |
| 16:41 | Build | Farm |
| 16:46 | Build | House |
| 16:53 | Create | Villager (Male) |
| 17:00 | Build | Palisade Wall |
| 17:19 | Research | Fletching |
| 18:02 | Build | House |
| 18:04 | Create | Skirmisher |
| 18:13 | Build | Farm |
| 18:17 | Build | House |
| 18:34 | Build | Farm |
| 18:34 | Build | Farm |
| 18:35 | Build | Farm |
| 18:35 | Build | Farm |
| 18:35 | Build | Farm |
| 18:35 | Build | Farm |
| 18:36 | Build | Farm |
| 18:36 | Build | Farm |
| 18:36 | Build | Farm |
| 18:37 | Build | Farm |
| 18:46 | Research | Gold Mining |
| 18:47 | Create | Villager (Male) |
| 18:50 | Build | Farm |
| 18:54 | Build | House |
| 18:56 | Build | House |
| 19:00 | Build | House |
| 19:07 | Build | Farm |
| 19:19 | Build | Farm |
| 19:32 | Build | Stable |
| 19:36 | Build | Farm |
| 19:36 | Create | Villager (Male) |
| 19:57 | Build | Farm |
| 20:00 | Create | Skirmisher |
| 20:02 | Build | Farm |
| 20:25 | Build | Farm |
| 20:27 | Research | Castle Age |
| 20:30 | Create | Skirmisher |
| 20:34 | Create | Scout Cavalry |
| 20:37 | Research | Padded Archer Armor |
| 20:50 | Build | House |
| 21:06 | Research | Bloodlines |
| 21:27 | Create | Skirmisher |
| 21:28 | Create | Skirmisher |
| 22:01 | Create | Skirmisher |
| 22:11 | Create | Villager (Male) |
| 22:37 | Create | Skirmisher |
| 22:48 | Build | Mining Camp |
| 23:07 | Age | Castle Age |
| 23:17 | Build | Town Center |
| 23:37 | Create | Spearman |
| 23:41 | Research | Elite Skirmisher (upgrade) |
| 24:17 | Create | Spearman |
| 24:17 | Create | Spearman |
| 24:22 | Create | Villager (Male) |
| 24:23 | Create | Villager (Male) |
| 24:30 | Research | Pikeman (upgrade) |
| 25:04 | Build | Town Center |
| 25:10 | Create | Spearman |
| 25:26 | Create | Villager (Male) |
| 25:42 | Create | Spearman |
Build order — angelzneMX
First 150 of 430 actions detected
| 0:00 | Create | Villager (Male) |
| 0:01 | Create | Villager (Male) |
| 0:01 | Create | Villager (Male) |
| 0:01 | Create | Villager (Male) |
| 0:02 | Build | House |
| 0:05 | Build | House |
| 1:30 | Create | Villager (Male) |
| 1:30 | Create | Villager (Male) |
| 2:03 | Create | Villager (Male) |
| 2:03 | Create | Villager (Male) |
| 2:03 | Create | Villager (Male) |
| 2:25 | Create | Villager (Male) |
| 2:25 | Create | Villager (Male) |
| 2:25 | Create | Villager (Male) |
| 2:52 | Create | Villager (Male) |
| 2:53 | Create | Villager (Male) |
| 3:10 | Create | Villager (Male) |
| 3:32 | Create | Villager (Male) |
| 3:51 | Build | House |
| 3:52 | Build | House |
| 4:04 | Create | Villager (Male) |
| 4:24 | Create | Villager (Male) |
| 4:25 | Create | Villager (Male) |
| 4:37 | Build | Lumber Camp |
| 4:45 | Create | Villager (Male) |
| 4:46 | Create | Villager (Male) |
| 4:46 | Create | Villager (Male) |
| 5:26 | Build | Mill |
| 6:23 | Create | Villager (Male) |
| 6:24 | Research | Loom |
| 6:59 | Research | Feudal Age |
| 9:08 | Build | Barracks |
| 9:23 | Age | Feudal Age |
| 9:25 | Create | Villager (Male) |
| 9:27 | Research | Double-Bit Axe |
| 9:31 | Research | Town Watch |
| 9:42 | Build | Farm |
| 9:58 | Build | Mining Camp |
| 10:01 | Create | Villager (Male) |
| 10:08 | Build | Archery Range |
| 10:12 | Create | Villager (Male) |
| 10:48 | Build | House |
| 10:52 | Create | Archer |
| 10:52 | Create | Archer |
| 10:57 | Create | Villager (Male) |
| 11:05 | Create | Spearman |
| 11:12 | Build | House |
| 11:17 | Create | Villager (Male) |
| 11:24 | Build | Farm |
| 11:27 | Build | Farm |
| 11:32 | Build | House |
| 11:38 | Create | Skirmisher |
| 11:41 | Create | Villager (Male) |
| 11:57 | Build | House |
| 12:02 | Build | Palisade Wall |
| 12:06 | Create | Archer |
| 12:07 | Create | Archer |
| 12:11 | Build | Blacksmith |
| 12:18 | Create | Villager (Male) |
| 12:24 | Build | Farm |
| 12:26 | Create | Villager (Male) |
| 12:37 | Create | Archer |
| 13:08 | Build | Market |
| 13:13 | Create | Villager (Male) |
| 13:15 | Create | Archer |
| 13:15 | Create | Archer |
| 13:18 | Build | Farm |
| 13:28 | Create | Villager (Male) |
| 13:32 | Build | Farm |
| 13:36 | Create | Villager (Male) |
| 13:46 | Build | Farm |
| 13:48 | Create | Archer |
| 14:03 | Build | Farm |
| 14:12 | Create | Archer |
| 14:19 | Build | Farm |
| 14:21 | Create | Villager (Male) |
| 14:27 | Build | House |
| 14:31 | Build | Palisade Wall |
| 14:41 | Create | Archer |
| 14:46 | Research | Padded Archer Armor |
| 14:53 | Create | Villager (Male) |
| 14:59 | Build | Farm |
| 15:04 | Research | Fletching |
| 15:09 | Create | Villager (Male) |
| 15:19 | Build | Farm |
| 15:20 | Create | Villager (Male) |
| 15:27 | Build | House |
| 15:33 | Create | Archer |
| 15:40 | Build | Farm |
| 15:45 | Create | Skirmisher |
| 15:48 | Research | Padded Archer Armor |
| 15:54 | Create | Villager (Male) |
| 16:05 | Build | House |
| 16:08 | Build | Palisade Wall |
| 16:28 | Create | Skirmisher |
| 16:43 | Create | Villager (Male) |
| 16:54 | Create | Villager (Male) |
| 16:59 | Build | Farm |
| 17:02 | Build | Farm |
| 17:13 | Build | Farm |
| 17:55 | Create | Skirmisher |
| 17:55 | Create | Skirmisher |
| 18:03 | Create | Villager (Male) |
| 18:07 | Build | Farm |
| 18:18 | Build | House |
| 18:43 | Research | Castle Age |
| 18:59 | Build | Stable |
| 19:15 | Research | Horse Collar |
| 19:41 | Build | Stable |
| 20:15 | Create | Archer |
| 20:15 | Create | Archer |
| 20:16 | Create | Archer |
| 20:36 | Research | Gold Mining |
| 20:58 | Build | House |
| 21:02 | Research | Bloodlines |
| 21:05 | Research | Scale Barding Armor |
| 21:23 | Age | Castle Age |
| 21:26 | Create | Villager (Male) |
| 21:31 | Create | Knight |
| 21:31 | Create | Knight |
| 21:31 | Create | Knight |
| 21:37 | Create | Villager (Male) |
| 22:04 | Create | Villager (Male) |
| 22:06 | Create | Knight |
| 22:06 | Create | Knight |
| 22:06 | Create | Knight |
| 22:16 | Create | Knight ×2 |
| 22:16 | Create | Knight ×2 |
| 22:34 | Create | Villager (Male) |
| 22:40 | Build | House |
| 22:50 | Create | Knight |
| 22:50 | Create | Knight |
| 22:55 | Research | Forging |
| 22:57 | Create | Villager (Male) |
| 23:02 | Build | Town Center |
| 23:17 | Create | Villager (Male) |
| 23:22 | Build | Farm |
| 23:23 | Build | Farm |
| 23:24 | Create | Villager (Male) |
| 24:03 | Create | Knight |
| 24:03 | Create | Knight |
| 24:03 | Create | Knight |
| 24:17 | Create | Villager (Male) |
| 24:28 | Create | Knight |
| 24:28 | Create | Knight |
| 24:29 | Create | Knight |
| 24:34 | Create | Villager (Male) |
| 24:34 | Create | Villager (Male) |
| 24:51 | Create | Villager (Male) |
| 24:51 | Create | Villager (Male) |
Match timeline
| 9:07 | Kevtech · first_building Barracks |
| 9:08 | angelzneMX · first_building Barracks |
| 9:23 | angelzneMX · age_up feudal |
| 9:46 | Kevtech · age_up feudal |
| 10:03 | Kevtech · first_building Archery Range |
| 10:08 | angelzneMX · first_building Archery Range |
| 11:46 | Kevtech · wall_segment Palisade Wall x6 |
| 12:02 | angelzneMX · wall_segment Palisade Wall x1 |
| 13:35 | Kevtech · wall_segment Palisade Wall x1 |
| 14:31 | angelzneMX · wall_segment Palisade Wall x8 |
| 16:08 | angelzneMX · wall_segment Palisade Wall x11 |
| 17:00 | Kevtech · wall_segment Palisade Wall x1 |
| 18:11 | angelzneMX · first_market_buy 100 food |
| 18:13 | angelzneMX · first_market_sell 100 stone |
| 18:59 | angelzneMX · first_building Stable |
| 19:32 | Kevtech · first_building Stable |
| 21:23 | angelzneMX · age_up castle |
| 23:07 | Kevtech · age_up castle |
| 28:47 | Kevtech · first_building Castle |
| 31:25 | angelzneMX · first_building Siege Workshop |
| 32:07 | angelzneMX · first_building Monastery |
| 34:29 | angelzneMX · first_building Castle |
| 37:53 | Kevtech · first_building Monastery |
| 38:45 | angelzneMX · age_up imperial |
| 40:45 | Kevtech · age_up imperial |
| 41:07 | Kevtech · first_building Siege Workshop |
| 46:40 | Kevtech · first_market_sell 100 wood |
| 53:20 | Kevtech · resign |
[ AI ANALYSIS · 1 CREDIT ]
What really happened in this match?
Wolo.gg analyzes every decision: build order, eco, micro, common mistakes by bracket. Personalized analysis on WhatsApp or Discord in 30 seconds.
Civ guide
Wei
Perfil
Jugador #8761998